 Dungeon Crawl Stone Soup version 0.18.1-1-g2f07953 (webtiles) character file.

3766 Cowinatub the Geomancer (level 10, -1/56 HPs)
             Began as an Octopode Earth Elementalist on June 28, 2016.
             Was a Believer of Nemelex Xobeh.
             Slain by a killer bee (3 damage)
             ... on level 7 of the Dungeon.
             The game lasted 01:05:32 (13728 turns).

Cowinatub the Geomancer (OpEE)                     Turns: 13728, Time: 01:05:33

Health: -1/56      AC:  5    Str: 12    XL:     10   Next: 16%
Magic:  5/13       EV: 11    Int: 21    God:    Nemelex Xobeh [**....]
Gold:   465        SH:  3    Dex: 14    Spells: 4 memorised, 0 levels left

rFire  + . .     SeeInvis .     b - +7 flail of Precise Incision {freeze, *Drain rPois Str+4 Stlth+}
rCold  + + .     Gourm    .     U - +0 buckler
rNeg   . . .     Faith    .     (helmet restricted)
rPois  +         Spirit   .     (no amulet)
rElec  +         Dismiss  .     L - ring of protection from cold
rCorr  +         Reflect  .     P - +4 ring of protection
SustAt .         Harm     .     (no ring)
MR     .....                    (no ring)
Stlth  ++++......               (no ring)
                                (no ring)
                                (no ring)
                                (no ring)

@: resistant, aura of abjuration, not resistant to hostile enchantments,
stealthy
A: almost no armour, amphibious, 8 rings, constrict 8, camouflage 1, agile 1,
mutation resistance 1, gelatinous body 1
a: Renounce Religion


You were on level 7 of the Dungeon.
You worshipped Nemelex Xobeh.
Nemelex Xobeh was pleased with you.
You were hungry.

You visited 2 branches of the dungeon, and saw 9 of its levels.

You collected 509 gold pieces.
You spent 44 gold pieces at shops.

Inventory:

Hand Weapons
 b - the +7 flail of Precise Incision (weapon) {freeze, *Drain rPois Str+4 Stlth+}
   (You found it on level 6 of the Dungeon)

   It has been specially enchanted to freeze those struck by it, causing extra
   injury to most foes and up to half again as much damage against particularly
   susceptible opponents.
   It can also slow down cold-blooded creatures.
   It affects your strength (+4).
   It protects you from poison.
   It causes draining when unequipped.
   It makes you more stealthy.
 q - a +0 spear
 G - a +2 whip of freezing
Missiles
 a - 107 stones
 f - 13 javelins (quivered)
 w - 3 tomahawks
 K - 4 needles of frenzy
 Q - 5 needles of paralysis
 X - 6 curare-tipped needles
Armour
 U - a +0 buckler (worn)
Magical Staves
 E - an uncursed staff of poison
Jewellery
 L - a ring of protection from cold (left tentacle)
 P - a +4 ring of protection (right tentacle)
 T - a cursed ring of loudness {unknown}
Wands
 C - a wand of slowing (30/48)
Scrolls
 e - a scroll of fog {unknown}
 g - 3 scrolls of fear
 k - 4 scrolls of remove curse
 p - 3 scrolls of teleportation
 s - a scroll of magic mapping {unknown}
 t - 3 scrolls of amnesia {unknown}
 v - 4 scrolls of recharging
 y - 2 scrolls of blinking
 B - 5 scrolls of identify
 F - a scroll of enchant weapon {unknown}
 I - a scroll of immolation {unknown}
 R - 2 scrolls of enchant armour {unknown}
Potions
 h - 3 potions of berserk rage
 j - 3 potions of magic
 o - a potion of mutation {unknown}
 r - 4 potions of lignification
 x - 2 potions of agility
 A - 5 potions of degeneration
 D - a potion of brilliance {unknown}
 J - 2 potions of cure mutation {unknown}
 O - a potion of flight {unknown}
 V - a potion of haste {unknown}
Books
 i - a book of Geomancy

   Spells                             Type                      Level
   a - Sandblast                      Earth                        1
   b - Passwall                       Transmutation/Earth          2
   c - Stone Arrow                    Conjuration/Earth            3
   d - Petrify                        Transmutation/Earth          4
   e - Lee's Rapid Deconstruction     Earth                        5
 m - a book of Misfortune

   Spells                             Type                      Level
   a - Confusing Touch                Hexes                        2
   b - Confuse                        Hexes                        3
   c - Gell's Gravitas                Hexes/Translocation          3
   d - Petrify                        Transmutation/Earth          4
   e - Metabolic Englaciation         Hexes/Ice                    5
   f - Yara's Violent Unravelling     Hexes/Transmutation          5
Miscellaneous
 z - a plain deck of destruction {drawn: 6}
 M - a plain deck of destruction
 S - a plain deck of escape {drawn: 2}
Comestibles
 c - 4 bread rations
 d - 4 beef jerkies
 n - 3 meat rations
 H - 8 slices of pizza
 W - a chunk of flesh


   Skills:
 + Level 3.5 Maces & Flails
 - Level 2.0 Dodging
 - Level 2.6 Stealth
 - Level 2.0 Spellcasting
 - Level 7.4 Conjurations
 * Level 2.8 Transmutations
 - Level 11.4 Earth Magic


You couldn't memorise any spells.
You knew the following spells:

 Your Spells              Type           Power        Failure   Level  Hunger
a - Sandblast             Erth           ######       1%          1    #......
b - Stone Arrow           Conj/Erth      #####.       1%          3    ###....
c - Lee's Rapid Deconstr  Erth           ######....   10%         5    ######.
d - Petrify               Trmt/Erth      ####....     14%         4    #####..


Dungeon Overview and Level Annotations

Branches:
Dungeon (8/15)             Temple (1/1) D:5
   Lair: D:8-11

Altars:
Cheibriados
Dithmenos
Elyvilon
Fedhas
Gozag
Kikubaaqudgha
Makhleb
Nemelex Xobeh
Okawaru
Pakellas
Qazlal
Ru
Trog
Xom
Yredelemnul
The Shining One

Shops:
D:5 !


Innate Abilities, Weirdness & Mutations

You cannot wear most types of armour.
You are amphibious.
You can wear up to eight rings at the same time.
You can use your tentacles to constrict eight enemies at once.
Your skin changes colour to match your surroundings (Stealth).
Your rubbery body absorbs attacks (AC +1).
You are agile. (Dex +2)
You are somewhat resistant to further mutation.


Message History

* * * LOW HITPOINT WARNING * * *
The killer bee stings you.
* * * LOW HITPOINT WARNING * * *
Quiver which item? (- for none, * to show all) (? for menu, Esc to quit)
Okay, then.
Drink which item? (? for menu, Esc to quit)
Okay, then.
Evoke which item? (* to show all) (? for menu, Esc to quit)
You draw a card...
It is the Crusade.
The deck of cards glows with a rainbow of weird colours and disappears.
You begin to abjure the creatures around you!
The killer bee closely misses you. The killer bee barely misses you.
That item cannot be evoked!
Evoke which item? (* to show all) (? for menu, Esc to quit)
You draw a card...
It is Warpwright.
You found a teleport trap!
The killer bee barely misses you.
The teleport trap disappears.
The killer bee disappears!
The killer bee stings you.
You die...
Your body disappears without a glow.

#.# #######.# ##.###.# #..
#.# #.......# #.# #.#####.#
#.# #.####### ##.###.......#
#.###.##########...######.###
#.........##.....#...........
##.##.#.#..........######.##.
#.##.#.####.##.#.#######.##.
#.##.#.# #.##>#............
####.##.#.#
#@##.#####'######.
#....##.#.# #y##.##.......#
#. #.#####.#.#
#§##.##.⌠...⌠.# #. #.# #.#.##
#.##..#.......###. #.# #....#
#.##..'...⌠...'.#. #.# ###..#
#.##(##.......#... #.# #..#
#.##..#.⌠...⌠.###. #.# #..#
#.#####.......# #. #.# #..#
#.# ####'#### ##


You could see a killer bee.

Vanquished Creatures
  Pikel (D:5)
  A wyvern (D:8)
  A human (D:7)
  3 sky beasts
  A slave (D:6)
  A necrophage (D:5)
  3 ogres
  A phantom (D:7)
  A centaur (D:7)
  A giant frog (D:8)
  8 scorpions
  2 killer bees (D:8)
  6 wights
  3 crimson imps
  3 quasits
  3 orc priests
  3 iron imps (D:5)
  5 orc wizards
  A centaur skeleton (D:6)
  2 giant frog skeletons
  Jessica (D:3)
  5 iguanas
  3 worker ants (D:4)
  4 sheep (D:7)
  A hound zombie (D:7)
  Robin (D:4)
  A worker ant zombie (D:5)
  11 adders
  2 shadow imps
  2 oozes
  An adder zombie (D:8)
  6 worms
  3 dart slugs
  4 giant geckos
  17 orcs
  9 giant cockroaches
  14 goblins
  12 hobgoblins
  8 jackals
  6 kobolds
  3 quokkas
  A ball python (D:1)
  11 bats
  A giant cockroach zombie (D:6)
  A giant gecko skeleton (D:8)
  5 giant newts
  2 gnoll zombies (D:2)
  A jackal skeleton (D:4)
  A quokka skeleton (D:5)
  A quokka zombie (D:5)
  9 rats
197 creatures vanquished.

Vanquished Creatures (collateral kills)
  Edmund (D:6)
  An ogre (D:7)
  A centaur (D:7)
  A hound (D:7)
4 creatures vanquished.

Vanquished Creatures (others)
  3 slaves (D:6)
  2 wights (D:6)
  An orc wizard (D:6)
  2 orcs (D:6)
8 creatures vanquished.

Grand Total: 209 creatures vanquished

Notes
Turn   | Place    | Note
--------------------------------------------------------------
     0 | D:1      | Cowinatub the Octopode Earth Elementalist began the quest for the Orb.
     0 | D:1      | Reached XP level 1. HP: 11/11 MP: 3/3
   383 | D:1      | Reached XP level 2. HP: 8/17 MP: 3/5
   930 | D:1      | Reached skill level 4 in Earth Magic
  1068 | D:1      | Reached XP level 3. HP: 21/21 MP: 6/6
  1530 | D:1      | Learned a level 3 spell: Stone Arrow
  1660 | D:2      | Found a bloodstained altar of Trog.
  1963 | D:2      | Reached XP level 4. HP: 27/27 MP: 3/7
  2019 | D:2      | Reached skill level 1 in Conjurations
  2633 | D:2      | Found a basalt altar of Yredelemnul.
  2864 | D:2      | Found an oddly glowing altar of Pakellas.
  3080 | D:2      | Reached skill level 5 in Earth Magic
  3350 | D:2      | HP: 1/27 [kobold/whip of electrocution (16)]
  3561 | D:2      | Reached XP level 5. HP: 24/31 MP: 8/8
  4079 | D:3      | Reached XP level 6. HP: 36/36 MP: 2/9
  4223 | D:3      | Noticed Jessica
  4445 | D:3      | Killed Jessica
  4445 | D:3      | Reached skill level 6 in Earth Magic
  4904 | D:4      | Found a snail-covered altar of Cheibriados.
  5149 | D:4      | Noticed Robin
  5164 | D:4      | Killed Robin
  5701 | D:4      | Reached XP level 7. HP: 41/41 MP: 4/10
  5922 | D:4      | Reached skill level 7 in Earth Magic
  6262 | D:5      | Entered Level 5 of the Dungeon
  6347 | D:5      | Found an opulent altar of Gozag.
  6359 | D:5      | Found Obokleor's Distillery.
  6415 | D:5      | Bought a potion of degeneration for 11 gold pieces
  6415 | D:5      | Bought a potion of lignification for 33 gold pieces
  6483 | D:5      | Found a staircase to the Ecumenical Temple.
  6496 | Temple   | Entered the Ecumenical Temple
  6616 | Temple   | Became a worshipper of Nemelex Xobeh the Trickster
  6660 | D:5      | Received a gift from Nemelex Xobeh
  7311 | D:5      | Reached skill level 8 in Earth Magic
  7311 | D:5      | Reached XP level 8. HP: 46/46 MP: 4/11
  7397 | D:5      | Found a white marble altar of Elyvilon.
  7570 | D:5      | Found a burning altar of Makhleb.
  7767 | D:5      | Reached skill level 5 in Conjurations
  8048 | D:6      | Found an iron altar of Okawaru.
  8115 | D:6      | Gained mutation: You are agile. (Dex +2) [potion of beneficial mutation]
  8662 | D:6      | Reached skill level 9 in Earth Magic
  8712 | D:6      | Noticed Pikel
  8774 | D:5      | Gained mutation: You are somewhat resistant to further mutation. [potion of beneficial mutation]
  8777 | D:5      | Killed Pikel
  8777 | D:5      | Reached XP level 9. HP: 25/51 MP: 4/12
  8949 | D:6      | Reached skill level 10 in Earth Magic
  9190 | D:6      | Learned a level 5 spell: Lee's Rapid Deconstruction
  9489 | D:6      | Received a gift from Nemelex Xobeh
  9629 | D:6      | Reached * piety under Nemelex Xobeh
  9883 | D:6      | Got a polished flail
  9886 | D:6      | Identified the +7 flail of Precise Incision {freeze, *Drain rPois Str+4 Stlth+} (You found it on level 6 of the Dungeon)
 10227 | D:6      | Noticed Edmund
 10394 | D:6      | Killed Edmund
 11248 | D:7      | Found a stormy altar of Qazlal.
 11267 | D:7      | Reached skill level 1 in Maces & Flails
 12267 | D:7      | Received a gift from Nemelex Xobeh
 12273 | D:7      | Reached skill level 11 in Earth Magic
 12650 | D:7      | Found a shimmering altar of Xom.
 13186 | D:8      | Reached XP level 10. HP: 47/56 MP: 13/13
 13252 | D:8      | Learned a level 4 spell: Petrify
 13403 | D:8      | Received a gift from Nemelex Xobeh
 13556 | D:8      | Reached ** piety under Nemelex Xobeh
 13724 | D:7      | HP: 1/56 [killer bee (2)]
 13728 | D:7      | Slain by a killer bee

Skill      XL: |  1  2  3  4  5  6  7  8  9 10 |
---------------+-------------------------------+-----
Earth Magic    | 4 5 6 8 9 11 | 11.4
Conjurations   | 1 2 3 4 6 7 |  7.4
Maces & Flails | 2 3 |  3.5
Transmutations | 2 |  2.8
Dodging        | |  2.0
Stealth        | |  2.6
Spellcasting   | |  2.0

Action                   |  1- 3 |  4- 6 |  7- 9 | 10-12 || total
-------------------------+-------+-------+-------+-------++-------
Melee: Club              |     3 |       |       |       ||     3
       Spear             |    55 |    33 |       |       ||    88
       Constrict         |     9 |    21 |    24 |     4 ||    58
       Tentacles         |     4 |     5 |    14 |     3 ||    26
       Whip              |       |    52 |    48 |       ||   100
       Flail             |       |       |    64 |    31 ||    95
Throw: Stone             |     1 |       |       |       ||     1
       Javelin           |     3 |     3 |     8 |       ||    14
 Cast: Sandblast         |    25 |    67 |    96 |     8 ||   196
       Stone Arrow       |     3 |    17 |    20 |     6 ||    46
       Lee's Rapid Decon |       |       |     7 |     2 ||     9
       Petrify           |       |       |       |     1 ||     1
Evoke: Deck              |       |       |     9 |     4 ||    13
       Wand              |       |       |     1 |       ||     1
  Use: Scroll            |     3 |     1 |     3 |       ||     7
       Potion            |       |     4 |     7 |     3 ||    14
 Stab: Sleeping          |     6 |     7 |     6 |       ||    19
  Eat: Chunk             |     4 |    12 |     7 |     3 ||    26
       Bread ration      |       |     1 |     4 |       ||     5
       Beef jerky        |       |       |     2 |       ||     2
Armor: Skin              |     8 |    14 |    13 |    17 ||    52
Dodge: Dodged            |    28 |    48 |   100 |    40 ||   216
Block: Other             |       |       |     5 |     4 ||     9
       Buckler           |       |       |       |     4 ||     4
